 Dungeon Crawl Stone Soup version 0.16.2-12-gd0ad4c3 (webtiles) character file.

15 dvd the Insei (level 2, 0/18 HPs)
             Began as an Octopode Transmuter on Oct 31, 2015.
             Hit by a goblin thrown by Robin (2 damage)
             ... on level 2 of the Dungeon.
             The game lasted 00:04:02 (894 turns).

dvd the Insei (Octopode Transmuter)                  Turns: 894, Time: 00:04:02

Health: 0/18       AC:  1    Str:  9    XL:     2   Next: 50%
Magic:  5/5        EV: 12    Int: 15    God:
Gold:   85         SH:  0    Dex: 12    Spells: 1 memorised, 4 levels left

rFire  . . .     SeeInvis .       - Unarmed
rCold  . . .     Clarity  .     (no shield)
rNeg   . . .     SustAb   .     (helmet restricted)
rPois  .         Gourm    .     (no amulet)
rElec  .         Spirit   .     (no ring)
rCorr  .         Warding  .     (no ring)
rMut   .         Stasis   .     (no ring)
MR     .....                    (no ring)
Stlth  ++........               (no ring)
                                (no ring)
                                (no ring)
                                (no ring)

@: appendage (expiring), not resistant to hostile enchantments, unstealthy
A: almost no armour, amphibious, 8 rings, constrict 8, tentacle spike 3,
camouflage 1, gelatinous body 1
a: End Transformation


You were on level 2 of the Dungeon.
You were not hungry.
One of your tentacles had a temporary spike.
You visited 1 branch of the dungeon, and saw 2 of its levels.

You collected 85 gold pieces.

Inventory:

Missiles
 b - 12 arrows
Scrolls
 c - a scroll of teleportation {unknown}
 e - a scroll of immolation {unknown}
 g - a scroll of blinking {unknown}
 h - 2 scrolls of recharging {unknown}
 i - 2 scrolls of identify {unknown}
Potions
 f - a potion of brilliance {unknown}
 k - a potion of haste {unknown}
 l - 2 potions of might {unknown}
 m - a potion of curing {unknown}
Books
 d - a book of Changes

   Spells                             Type                      Level
   a - Beastly Appendage              Transmutation                1
   b - Sticks to Snakes               Transmutation                2
   c - Spider Form                    Transmutation/Poison         3
   d - Ice Form                       Ice/Transmutation            4
   e - Blade Hands                    Transmutation                5
Comestibles
 a - a bread ration
 j - a chunk of flesh


   Skills:
 + Level 1.0 Fighting
 + Level 2.0 Dodging
 + Level 3.1 Unarmed Combat
 + Level 2.4 Spellcasting
 + Level 2.2 Transmutations


You had 4 spell levels left.
You knew the following spells:

 Your Spells              Type           Power        Failure   Level  Hunger
a - Beastly Appendage     Trmt           #.....       12%         1    #......


Dungeon Overview and Level Annotations

Branches:
Dungeon (2/15)

Altars:

Annotations:
D:2 Robin


Innate Abilities, Weirdness & Mutations

You cannot wear most types of armour.
You are amphibious.
You can wear up to eight rings at the same time.
You can use your tentacles to constrict many enemies at once.
Your skin changes colour to match your surroundings (Stealth).
Your rubbery body absorbs attacks (AC +1).
One of your tentacles bears a large vicious spike.


Message History

You kill the goblin!
Your transformation is almost over.
Robin hits you with a spear of piercing.
Things that are here:
a club; a goblin corpse; a goblin corpse You tentacle-slap Robin.
Your grab misses Robin.
You pierce Robin.
You squeeze Robin.
Robin is heavily wounded.
Robin throws the goblin at you! The goblin hits you but does no damage.
You barely miss Robin. You grab Robin.
You pierce Robin, but do no damage.
You squeeze Robin.
Robin is almost dead.
You constrict Robin, but do no damage.
Robin hits you with a spear of piercing.
* * * LOW HITPOINT WARNING * * *
x2 The goblin closely misses you.
You tentacle-slap Robin but do no damage.
Robin is almost dead.
You constrict Robin. Robin throws the goblin at you!
You die...

#.#.....#
########
#.#.###.#
######.....#.##
.......#.#.#..#
##......#....##
#.##...#..#..#
#.....##..#..####
####gg..........#
#@##########.##
#g............#
#########.g#..#
#.....#
...K......####
#######g## g..


ggg. .gg.. You could see Robin and 2 goblins.

Vanquished Creatures
  A giant gecko (D:2)
  A giant cockroach (D:2)
  A hobgoblin (D:2)
  3 kobolds (D:1)
  A ball python (D:1)
  A bat (D:1)
  A giant newt (D:1)
  5 goblins
  A rat (D:1)
15 creatures vanquished.

Notes
Turn   | Place    | Note
--------------------------------------------------------------
     0 | D:1      | dvd, the Octopode Transmuter, began the quest for the Orb.
     0 | D:1      | Reached XP level 1. HP: 13/13 MP: 3/3
    10 | D:1      | Noticed an electric eel
   517 | D:1      | Reached XP level 2. HP: 16/18 MP: 2/4
   871 | D:2      | Noticed Robin
   894 | D:2      | Hit by a goblin thrown by Robin

Action                   || total
-------------------------++-------
Melee: Unarmed           ||    33
 Cast: Beastly Appendage ||    11
 Stab: Sleeping          ||     2
